 Dungeon Sprint DCSS version 0.30-a0-358-g0d69a1922f (webtiles) character file.

Game seed: 17461556058854738733

1036 Pestilence the Protected (level 8, -10/56 HPs)
             Began as a Tengu Fighter on Nov 10, 2022.
             Was a Believer of Makhleb.
             Shot with an arrow by a centaur warrior (20 damage)
             ... in the Dungeon (Sprint IX: "|||||||||||||||||||||||||||||").
             The game lasted 00:01:35 (377 turns).

Pestilence the Protected (Tengu Fighter)             Turns: 377, Time: 00:01:35

Health: -10/56     AC: 12    Str: 18    XL:     8   Next: 24%
Magic:  9/9        EV: 12    Int: 13    God:    Makhleb [**....]
Gold:   0          SH:  6    Dex: 13    Spells: 7/7 levels left

rFire   . . .      SeeInvis .    m - +2 scimitar (holy)
rCold   . . .      Faith    .    c - +0 buckler
rNeg    . . .      Spirit   .    n - +2 ring mail
rPois   .          Reflect  .    (helmet restricted)
rElec   .          Harm     .    a - +0 cloak
rCorr   .          Rampage  .    (no gloves)
Will    .....      NoTele   +    (boots unavailable)
Stlth   +.........               (no amulet)
HPRegen 0.29/turn                o - +3 ring of intelligence
MPRegen 0.11/turn                p - +2 ring of protection

@: flying quickly and evasively, quick
A: beak, talons 3, nimble flight
a: Renounce Religion, Minor Destruction


You were in the Dungeon.
You worshipped Makhleb.
Makhleb was pleased with you.
You visited 1 branch

Inventory:

Hand Weapons
 m - a +2 scimitar of holy wrath (weapon)
Armour
 a - a +0 cloak (worn)
 c - a +0 buckler (worn)
 n - a +2 ring mail (worn)
Jewellery
 o - a +3 ring of intelligence (left hand)
 p - a +2 ring of protection (right hand)
Wands
 l - a wand of iceblast (9)
Scrolls
 j - a scroll of blinking
 k - 2 scrolls of amnesia
Potions
 d - a potion of invisibility
 e - 5 potions of curing
 f - 3 potions of heal wounds
 g - a potion of haste
 h - 4 potions of magic


   Skills:
 + Level 9.4 Fighting
 + Level 9.9 Long Blades
 + Level 10.2 Armour
 + Level 9.4 Shields
 + Level 0.4 Invocations


You had 7 spell levels left.
You didn't know any spells.
Your spell library was empty.

Dungeon Overview and Level Annotations

Branches:
Dungeon (1/1)

Altars:
Cheibriados
Dithmenos
Elyvilon
Fedhas
Gozag
Hepliaklqana
Kikubaaqudgha
Makhleb
Nemelex Xobeh
Okawaru
Qazlal
Ru
Sif Muna
Trog
Uskayaw
Vehumet
Wu Jian
Xom
Yredelemnul
Zin
The Shining One
Jiyva
Lugonu


Innate Abilities, Weirdness & Mutations

You have a beak for a mouth.
You have claws for feet.
Your magical nature lets you fly swiftly and evasively.


Message History

Your peck misses the kobold demonologist.
The kobold demonologist is severely wounded.
The boulder beetle curls into a ball and begins rolling!
The kobold demonologist mumbles some strange words.
The shadow imp gestures at you. Pain shoots through your body!
You closely miss the kobold demonologist.
Your peck misses the kobold demonologist.
The kobold demonologist is severely wounded.
You block the kobold demonologist's attack.
The shadow imp hits you.
* * * LOW HITPOINT WARNING * * *
You closely miss the kobold demonologist.
Your peck misses the kobold demonologist.
The kobold demonologist is heavily wounded.
The kobold demonologist completely misses you.
The boulder beetle stops rolling and uncurls.
The shadow imp closely misses you.
You hit the kobold demonologist.
Your kick misses the kobold demonologist.
The kobold demonologist is severely wounded.
The kobold demonologist hits you but does no damage.
The shadow imp barely misses you.
You slash the kobold demonologist!
Your kick misses the kobold demonologist.
Your peck misses the kobold demonologist.
The kobold demonologist is almost dead.
The kobold demonologist barely misses you.
The boulder beetle leaps!
The shadow imp hits you but does no damage.
You slash the kobold demonologist!
You kill the kobold demonologist!
Makhleb accepts your kill.
You feel better.
The shadow imp disappears in a puff of smoke!
The centaur warrior wields a +0 shortbow.
The centaur warrior shoots an arrow.
The arrow hits you!
* * * LOW HITPOINT WARNING * * *
The centaur warrior shoots an arrow.
The arrow hits you!!
You die... ▓▓▓▓▓▓▓▓▓▓▓▓▓▓▓▓▓▓▓▓▓▓▓▓▓▓▓▓▓▓▓ cC.cK°'..°cCc)@§..[.)..'_______ ▓▓▓▓▓▓▓▓▓▓▓▓▓▓▓▓▓▓▓▓▓▓▓▓▓▓▓▓▓▓▓

You could see 2 centaur warriors and a cyclops.

Vanquished Creatures
  A kobold demonologist (D)
  A troll (D)
  A hornet (D)
  A shadow (D)
  A yak (D)
  An ogre (D)
  A centaur (D)
  A scorpion (D)
  A howler monkey (D)
  An orc wizard (D)
  2 gnolls (D)
  An orc (D)
  2 goblins (D)
  A frilled lizard (D)
  A kobold (D)
  A rat (D)
18 creatures vanquished.

Notes
Turn   | Place    | Note
-------+----------+-------------------------------------------
     0 | D        | Pestilence the Tengu Fighter began the quest for the Orb.
     0 | D        | Reached XP level 1. HP: 14/14 MP: 2/2
    25 | D        | Noticed a scorpion
    25 | D        | Noticed an ogre
    29 | D        | Reached skill level 4 in Armour
    29 | D        | Reached XP level 2. HP: 16/20 MP: 3/3
    31 | D        | Killed an ogre
    32 | D        | Reached skill level 5 in Fighting
    32 | D        | Reached skill level 5 in Long Blades
    32 | D        | Reached skill level 5 in Armour
    32 | D        | Reached skill level 5 in Shields
    32 | D        | Reached XP level 3. HP: 22/26 MP: 4/4
    32 | D        | Reached XP level 4. HP: 26/31 MP: 5/5
    34 | D        | Reached skill level 6 in Armour
    35 | D        | Killed a scorpion
    36 | D        | Gained mutation: Your magical nature lets you fly swiftly
                  | and evasively. [Tengu growth]
    36 | D        | Reached XP level 5. HP: 30/36 MP: 6/6
    41 | D        | Found a snail-covered altar of Cheibriados.
    41 | D        | Found a shadowy altar of Dithmenos.
    41 | D        | Found a white marble altar of Elyvilon.
    41 | D        | Found a blossoming altar of Fedhas.
    41 | D        | Found an opulent altar of Gozag.
    42 | D        | Found a hazy altar of Hepliaklqana.
    43 | D        | Found a viscous altar of Jiyva.
    44 | D        | Found an ancient bone altar of Kikubaaqudgha.
    45 | D        | Found a corrupted altar of Lugonu.
    46 | D        | Found a burning altar of Makhleb.
    47 | D        | Found a sparkling altar of Nemelex Xobeh.
    48 | D        | Found an iron altar of Okawaru.
    49 | D        | Found a stormy altar of Qazlal.
    50 | D        | Found a sacrificial altar of Ru.
    51 | D        | Found a shimmering blue altar of Sif Muna.
    52 | D        | Found a bloodstained altar of Trog.
    53 | D        | Found a hide-covered altar of Uskayaw.
    54 | D        | Became a worshipper of Makhleb the Destroyer
    55 | D        | Found a radiant altar of Vehumet.
    56 | D        | Found an ornate altar of the Wu Jian Council.
    57 | D        | Found a shimmering altar of Xom.
    58 | D        | Found a basalt altar of Yredelemnul.
    59 | D        | Found a glowing silver altar of Zin.
    60 | D        | Found a glowing golden altar of the Shining One.
   129 | D        | Noticed a centaur
   129 | D        | Noticed a yak
   129 | D        | Noticed a hornet
   129 | D        | Noticed a troll
   129 | D        | Noticed a shadow
   133 | D        | Killed a shadow
   134 | D        | Reached skill level 8 in Armour
   134 | D        | Reached XP level 6. HP: 40/44 MP: 7/7
   136 | D        | Killed a troll
   137 | D        | Reached skill level 9 in Armour
   137 | D        | Reached XP level 7. HP: 18/49 MP: 8/8
   141 | D        | Killed a hornet
   141 | D        | Reached * piety under Makhleb
   266 | D        | Killed a yak
   267 | D        | Reached skill level 10 in Armour
   267 | D        | Reached XP level 8. HP: 51/56 MP: 9/9
   284 | D        | Reached ** piety under Makhleb
   300 | D        | Noticed a centaur warrior
   300 | D        | Noticed a cyclops
   300 | D        | Noticed a centaur warrior
   300 | D        | Noticed a kobold demonologist
   300 | D        | Noticed a boulder beetle
   377 | D        | Killed a kobold demonologist
   377 | D        | Shot with an arrow by a centaur warrior

Illustrated notes

Levels and vault maps discovered:
D:        linesprint [early_d, line_temple, items_1, d_10, items_2, lair_1,
          lair_end, items_3, orc_1, orc_end, items_4, d_15, swamp_1, shoals_1,
          snake_1, spider_1, d_20, vaults_1, items_5, swamp_end, shoals_end,
          snake_end, spider_end, vaults_end, d_27, items_6, zot_1, zot_end,
          crypt_end, forest_end, elf_end, slime_end, tomb_end, abyss_end,
          pan_hell_end]

Skill      XL: |  1  2  3  4  5  6  7 |
---------------+----------------------+-----
Long Blades    | 3 5 6 7 8 9 |  9.9
Armour         | 4 5 6 8 9 10 | 10.2
Fighting       | 5 6 7 8 9 |  9.4
Shields        | 5 6 7 8 9 |  9.4
Invocations    | |  0.4

Action                   |  1- 3 |  4- 6 |  7- 9 || total
-------------------------+-------+-------+-------++-------
Melee: Long sword        |    19 |     4 |       ||    23
       Kick              |     7 |     5 |    11 ||    23
       Peck              |     2 |     1 |     5 ||     8
       Scimitar          |       |     6 |    44 ||    50
Evoke: Wand              |       |       |     1 ||     1
  Use: Potion            |     1 |     1 |       ||     2
       Scroll            |       |       |     1 ||     1
Armor: Scale mail        |     6 |     1 |       ||     7
       Ring mail         |       |       |    17 ||    17
Dodge: Dodged            |     3 |     1 |    23 ||    27
Block: Buckler           |     7 |     1 |    12 ||    20

Table legend: (Time is in decaauts)
 A = Elapsed time spent in this place.
 B = Non-inter-level travel time spent in this place.
 C = Inter-level travel time spent in this place.
 D = Time resting spent in this place.
 E = Time spent auto-exploring this place.
 F = Levels seen in this place.
 G = Mean time per level.
                   A        B        C        D        E       F      G
               +--------+--------+--------+--------+--------+-----+--------+
         Total |    386 |    386 |      0 |    192 |      0 |   1 |  386.0 |
       Dungeon |    386 |    386 |      0 |    192 |      0 |   1 |  386.0 |
               +--------+--------+--------+--------+--------+-----+--------+

Top non-repeatable levels by time:
       D: 386 daAuts
